Dallas Stars vs Arizona Coyotes

Created - Sunday, August 17, 2025 at 09:29

Goals
1 2 3 T
Dallas Stars 0 2 1 3
Arizona Coyotes 3 2 1 6
Shots
1 2 3 T
Dallas Stars 19 11 4 34
Arizona Coyotes 10 11 14 35

1st period

1. Arizona Coyotes , Tyler Seguin 4 (Jani Hakanpaa 1, Anthony DeAngelo 2) at 3:16
2. Arizona Coyotes , Charlie Coyle 3 (Ryan Donato 3, Tyler Seguin 4) at 14:43
3. Arizona Coyotes , Charlie Coyle 4 (Mason McTavish 4) at 16:55 (PP)

Penalties :
Tyler Bertuzzi (AZC) for Elbowing (Minor) at 10:47, Josh Anderson (DAL) for Hooking (Minor) at 14:58

2nd period

4. Dallas Stars , Luke Kunin 2 (Jakob Chychrun 3) at 1:02 (PP)
5. Arizona Coyotes , Brock McGinn 1 (Ondrej Palat 3, Mark Jankowski 1) at 8:55
6. Dallas Stars , Trevor van Riemsdyk 1 (Jordan Martinook 2, Jordan Greenway 2) at 10:48 (PP)
7. Arizona Coyotes , Mason McTavish 5 (Mats Zuccarello 7, Ross Colton 3) at 16:43

Penalties :
Ryan Donato (AZC) for Diving (Minor) at 0:55, Ryan Donato (AZC) for Interference (Minor) at 10:16

3rd period

8. Dallas Stars , Jordan Martinook 5 (Luke Kunin 5, Jakob Chychrun 4) at 8:21 (PP)
9. Arizona Coyotes , Ross Colton 3 (Tyler Bertuzzi 8) at 10:12

Penalties :
Mason McTavish (AZC) for Hooking (Minor) at 7:14, Radko Gudas (AZC) for High sticking (Minor) at 10:53, Jonas Siegenthaler (DAL) for Cross-checking (Minor) at 14:04

Goalie Stats

Marc-Andre Fleury (DAL), 29 saves from 35 shots - (0.829), L, 2-1-1, 60:00 minutes
Elvis Merzlikins (AZC), 31 saves from 34 shots - (0.912), W, 5-2-0, 60:00 minutes

Players Stats for Dallas Stars

Player Name              G  A  P  +/- PIM S  H  SB GA TA FO     MP     PP MP  PK MP  
------------------------------------------------------------------------------------
Alex Iafallo             0  0  0   0  0   1  3  0  0  1  0/0    12:41   0:07   0:00 
Brendan Gallagher        0  0  0  -2  0   4  1  0  0  1  0/0    19:11   2:35   1:55 
Cam York                 0  0  0  -2  0   1  0  1  0  0  0/0    14:59   0:00   0:00 
Dougie Hamilton          0  0  0  -1  0   2  1  1  1  0  0/0    22:27   2:48   2:01 
Elias Lindholm           0  0  0  -2  0   0  1  0  1  0  8/17   18:38   2:42   1:54 
Jack Drury               0  0  0   0  0   1  0  2  3  0  7/10   13:51   0:00   1:03 
Jakob Chychrun           0  2  2  -2  0   2  2  4  1  1  0/0    21:31   2:56   1:55 
Joel Kiviranta           0  0  0  -1  0   1  0  0  0  0  0/0     9:39   0:07   0:00 
Jonas Siegenthaler       0  0  0  -2  2   1  0  1  0  0  0/0    15:45   0:33   0:00 
Jonatan Berggren         0  0  0  -1  0   2  0  1  1  0  0/0     9:12   0:00   0:00 
Jordan Greenway          0  1  1  -2  0   0  2  1  0  0  1/1    18:23   3:02   0:12 
Jordan Martinook         1  1  2  -2  0   7  2  2  0  2  1/4    19:15   3:02   1:55 
Josh Anderson            0  0  0  -2  2   0  2  1  0  1  0/1    17:43   2:35   0:53 
Luke Kunin               1  1  2  -2  0   5  2  0  1  0  9/23   17:36   3:02   0:00 
Philip Tomasino          0  0  0  -1  0   0  1  0  0  1  1/7     9:12   0:00   0:00 
Rasmus Ristolainen       0  0  0  -1  0   2  0  0  0  1  0/0    22:27   2:48   2:01 
Trent Frederic           0  0  0   0  0   2  2  0  1  0  0/0    12:34   0:00   0:00 
Trevor van Riemsdyk      1  0  1  -2  0   3  2  0  0  2  0/0    20:58   2:23   1:55 

Players Stats for Arizona Coyotes

Player Name              G  A  P  +/- PIM S  H  SB GA TA FO     MP     PP MP  PK MP  
------------------------------------------------------------------------------------
Anthony DeAngelo         0  1  1   3  0   1  0  1  1  0  0/0    15:24   0:00   0:43 
Brayden McNabb           0  0  0   0  0   0  3  2  1  0  0/0    22:30   2:40   2:26 
Brock McGinn             1  0  1   1  0   4  1  1  0  0  0/0     7:39   0:00   0:00 
Charlie Coyle            2  0  2   2  0   5  1  0  0  1  11/18  18:32   1:44   2:55 
Erik Haula               0  0  0   1  0   0  0  0  0  0  10/19  14:44   0:00   0:00 
Jani Hakanpaa            0  1  1   3  0   0  4  1  0  0  0/0    14:41   0:00   0:00 
Jared Spurgeon           0  0  0   0  0   1  2  1  0  0  0/0    23:07   2:40   2:58 
Johnathan Kovacevic      0  0  0   2  0   1  0  1  1  1  0/0    22:49   1:16   3:18 
Kiefer Sherwood          0  0  0   1  0   0  0  0  1  0  1/1    16:12   2:12   0:00 
Mark Jankowski           0  1  1   1  0   1  1  0  0  0  3/5     7:39   0:00   0:00 
Mason McTavish           1  1  2   1  2   3  1  0  0  2  10/17  16:28   2:12   0:13 
Mats Zuccarello          0  1  1   1  0   5  1  1  2  1  0/1    18:48   2:12   2:36 
Ondrej Palat             0  1  1   1  0   1  1  0  1  0  0/0     7:39   0:00   0:00 
Radko Gudas              0  0  0   2  2   1  1  4  0  2  0/0    21:30   1:16   2:03 
Ross Colton              1  1  2   1  0   3  3  0  1  1  0/0    15:16   0:00   0:28 
Ryan Donato              0  1  1   2  4   1  0  0  0  0  0/1    17:54   1:44   2:21 
Tyler Bertuzzi           0  1  1   1  2   3  1  0  0  0  0/0    14:47   0:00   0:00 
Tyler Seguin             1  1  2   2  0   5  2  0  2  1  1/1    18:32   1:44   2:55 

3 Stars

1 - Charlie Coyle (AZC)
2 - Tyler Seguin (AZC)
3 - Ross Colton (AZC)

Power Play

Dallas Stars - 3 on 5 Attempt(s) - 60.00%
Arizona Coyotes - 1 on 2 Attempt(s) - 50.00%

Penalty Kill

Dallas Stars - 1 on 2 Attempt(s) - 50.00% - Score 0 goal in Penalty Kill
Arizona Coyotes - 2 on 5 Attempt(s) - 40.00% - Score 0 goal in Penalty Kill

Team Stat

Dallas Stars - Hits : 21 - Faceoff Wins : 27 - Blocked Shots : 14 - Penalty Minutes : 4
Arizona Coyotes - Hits : 22 - Faceoff Wins : 36 - Blocked Shots : 12 - Penalty Minutes : 10

Official

Referees : Gord Dwyer and Brandon Schrader
Linesman : Travis Toomey and Justin Johnson

Game Notes

No Game Note

Finance

Level 1 -- Attendance: 5927 (98.78%) -- Ticket Income $539,357
Level 2 -- Attendance: 4695 (93.90%) -- Ticket Income $258,225
Level 3 -- Attendance: 2897 (96.57%) -- Ticket Income $86,910
Level 4 -- Attendance: 4764 (95.28%) -- Ticket Income $109,572
Luxury Box -- Attendance: 941 (94.10%) -- Ticket Income $179,731
Game was played at the Gila River Arena.
Total Attendance: 19224 (96.12%)
Total Ticket Income: $1,173,795
Other Income: $410,828
Total Income: $1,584,623

Dallas Stars

5 vs 5 Forward 
   Center                   Left Wing                Right Wing               Time % Phy DF OF 
 1 Elias Lindholm           Josh Anderson            Brendan Gallagher        30     1   2  2  
 2 Luke Kunin               Jordan Martinook         Jordan Greenway          30     1   2  2  
 3 Jack Drury               Alex Iafallo             Trent Frederic           25     1   2  2  
 4 Philip Tomasino          Joel Kiviranta           Jonatan Berggren         15     1   2  2  

5 vs 5 Defense 
   Defense                  Defense                                           Time % Phy DF OF 
 1 Rasmus Ristolainen       Dougie Hamilton                                   35     1   2  2  
 2 Trevor van Riemsdyk      Jakob Chychrun                                    35     1   2  2  
 3 Jonas Siegenthaler       Cam York                                          30     1   2  2  
 4 Rasmus Ristolainen       Dougie Hamilton                                   0      1   2  2  

PowerPlay Forward 
   Center                   Left Wing                Right Wing               Time % Phy DF OF 
 1 Elias Lindholm           Josh Anderson            Brendan Gallagher        50     1   2  2  
 2 Luke Kunin               Jordan Martinook         Jordan Greenway          50     1   2  2  

PowerPlay Defense
   Defense                  Defense                                           Time % Phy DF OF 
 1 Rasmus Ristolainen       Dougie Hamilton                                   50     1   2  2  
 2 Trevor van Riemsdyk      Jakob Chychrun                                    50     1   2  2  

Penalty Kill 4 Players Forward 
   Center                   Wing                     Time % Phy DF OF 
 1 Elias Lindholm           Josh Anderson            50     1   2  2  
 2 Jordan Martinook         Brendan Gallagher        50     1   2  2  

Penalty Kill 4 Players Defense
   Defense                  Defense                  Time % Phy DF OF 
 1 Rasmus Ristolainen       Dougie Hamilton          50     1   2  2  
 2 Trevor van Riemsdyk      Jakob Chychrun           50     1   2  2  

Penalty Kill - 3 Players Forward 
   Forward                                           Time % Phy DF OF 
 1 Elias Lindholm                                    50     1   2  2  
 2 Josh Anderson                                     50     1   2  2  

Penalty Kill - 3 Players Defense
   Defense                  Defense                  Time % Phy DF OF 
 1 Rasmus Ristolainen       Dougie Hamilton          50     1   2  2  
 2 Trevor van Riemsdyk      Jakob Chychrun           50     1   2  2  

4 vs 4 Forward 
   Center                   Wing                     Time % Phy DF OF 
 1 Elias Lindholm           Josh Anderson            50     1   2  2  
 2 Jordan Martinook         Brendan Gallagher        50     1   2  2  

4 vs 4 Defense
   Defense                  Defense                  Time % Phy DF OF 
 1 Rasmus Ristolainen       Dougie Hamilton          50     1   2  2  
 2 Trevor van Riemsdyk      Jakob Chychrun           50     1   2  2  

Last Minutes Offensive
   Center                   Left Wing                Right Wing               Defense                  Defense                  
   Elias Lindholm           Josh Anderson            Brendan Gallagher        Rasmus Ristolainen       Dougie Hamilton          

Last Minutes Defensive
   Center                   Left Wing                Right Wing               Defense                  Defense                  
   Elias Lindholm           Josh Anderson            Brendan Gallagher        Rasmus Ristolainen       Dougie Hamilton          

Goaltenders
Starting : Marc-Andre Fleury        
Backup : Alex Lyon                

Extra Forwards
Normal : Alex Iafallo, Joel Kiviranta, Jack Drury - PP : Alex Iafallo, Joel Kiviranta - PK : Jack Drury
Extra Defensemen
Normal : Jonas Siegenthaler, Cam York, Trevor van Riemsdyk - PP : Jonas Siegenthaler - PK : Cam York, Trevor van Riemsdyk
Penalty Shots
Elias Lindholm, Josh Anderson, Jordan Martinook, Brendan Gallagher, Alex Iafallo

Scratches
Filip Chytil (Healthy), Semyon Varlamov (Healthy)

Arizona Coyotes

5 vs 5 Forward 
   Center                   Left Wing                Right Wing               Time % Phy DF OF 
 1 Charlie Coyle            Ryan Donato              Tyler Seguin             30     1   1  3  
 2 Mason McTavish           Mats Zuccarello          Kiefer Sherwood          30     1   1  3  
 3 Erik Haula               Tyler Bertuzzi           Ross Colton              30     1   1  3  
 4 Mark Jankowski           Ondrej Palat             Brock McGinn             10     0   1  4  

5 vs 5 Defense 
   Defense                  Defense                                           Time % Phy DF OF 
 1 Radko Gudas              Johnathan Kovacevic                               35     1   3  1  
 2 Brayden McNabb           Jared Spurgeon                                    35     1   3  1  
 3 Jani Hakanpaa            Anthony DeAngelo                                  30     1   2  2  
 4 Radko Gudas              Johnathan Kovacevic                               0      1   2  2  

PowerPlay Forward 
   Center                   Left Wing                Right Wing               Time % Phy DF OF 
 1 Charlie Coyle            Ryan Donato              Tyler Seguin             50     1   2  2  
 2 Mason McTavish           Mats Zuccarello          Kiefer Sherwood          50     1   2  2  

PowerPlay Defense
   Defense                  Defense                                           Time % Phy DF OF 
 1 Radko Gudas              Johnathan Kovacevic                               50     1   2  2  
 2 Brayden McNabb           Jared Spurgeon                                    50     1   2  2  

Penalty Kill 4 Players Forward 
   Center                   Wing                     Time % Phy DF OF 
 1 Charlie Coyle            Tyler Seguin             50     1   2  2  
 2 Ryan Donato              Mats Zuccarello          50     1   2  2  

Penalty Kill 4 Players Defense
   Defense                  Defense                  Time % Phy DF OF 
 1 Radko Gudas              Johnathan Kovacevic      50     1   2  2  
 2 Brayden McNabb           Jared Spurgeon           50     1   2  2  

Penalty Kill - 3 Players Forward 
   Forward                                           Time % Phy DF OF 
 1 Charlie Coyle                                     50     1   2  2  
 2 Tyler Seguin                                      50     1   2  2  

Penalty Kill - 3 Players Defense
   Defense                  Defense                  Time % Phy DF OF 
 1 Radko Gudas              Johnathan Kovacevic      50     1   2  2  
 2 Brayden McNabb           Jared Spurgeon           50     1   2  2  

4 vs 4 Forward 
   Center                   Wing                     Time % Phy DF OF 
 1 Charlie Coyle            Tyler Seguin             50     1   2  2  
 2 Ryan Donato              Mats Zuccarello          50     1   2  2  

4 vs 4 Defense
   Defense                  Defense                  Time % Phy DF OF 
 1 Radko Gudas              Johnathan Kovacevic      50     1   2  2  
 2 Brayden McNabb           Jared Spurgeon           50     1   2  2  

Last Minutes Offensive
   Center                   Left Wing                Right Wing               Defense                  Defense                  
   Charlie Coyle            Ryan Donato              Tyler Seguin             Radko Gudas              Johnathan Kovacevic      

Last Minutes Defensive
   Center                   Left Wing                Right Wing               Defense                  Defense                  
   Charlie Coyle            Ryan Donato              Tyler Seguin             Radko Gudas              Johnathan Kovacevic      

Goaltenders
Starting : Elvis Merzlikins         
Backup : Jacob Markstrom          

Extra Forwards
Normal : Tyler Bertuzzi, Erik Haula, Ross Colton - PP : Tyler Bertuzzi, Erik Haula - PK : Ross Colton
Extra Defensemen
Normal : Jani Hakanpaa, Anthony DeAngelo, Brayden McNabb - PP : Jani Hakanpaa - PK : Anthony DeAngelo, Brayden McNabb
Penalty Shots
Charlie Coyle, Tyler Seguin, Ryan Donato, Mats Zuccarello, Mason McTavish

Scratches
Matt Dumba (Suspend), Maksymilian Szuber (Healthy), Corson Ceulemans (Healthy), Carter Hart (Healthy)

% Time on Ice - Dallas Stars

Lines # - Real PCT - Wanted PCT - Time Play
Normal Forward
1 - 28% - 30% - 14:16
2 - 28% - 30% - 14:18
3 - 25% - 25% - 12:34
4 - 18% - 15% - 9:12
Normal Defense
1 - 35% - 35% - 17:38
2 - 35% - 35% - 17:43
3 - 30% - 30% - 14:59
4 - 0% - 0% - 0:00
PP Forward
1 - 47% - 50% - 2:42
2 - 53% - 50% - 3:02
PP Defense
1 - 49% - 50% - 2:48
2 - 51% - 50% - 2:56
PK Forward
1 - 51% - 50% - 2:01
2 - 49% - 50% - 1:55
PK Defense
1 - 51% - 50% - 2:01
2 - 49% - 50% - 1:55
PK3 Forward
1 - 0% - 50%
2 - 0% - 50%
PK3 Defense
1 - 0% - 50%
2 - 0% - 50%
44 Forward
1 - 0% - 50%
2 - 0% - 50%
44 Defense
1 - 0% - 50%
2 - 0% - 50%
Last Minute Offensive  - 0:00
Last Minute Defensive  - 0:00
Total
Forward - 60:00
Defense - 60:00

% Time on Ice - Arizona Coyotes

Lines # - Real PCT - Wanted PCT - Time Play
Normal Forward
1 - 28% - 30% - 13:57
2 - 28% - 30% - 14:00
3 - 29% - 30% - 14:44
4 - 15% - 10% - 7:39
Normal Defense
1 - 36% - 35% - 18:15
2 - 35% - 35% - 17:24
3 - 29% - 30% - 14:41
4 - 0% - 0% - 0:00
PP Forward
1 - 44% - 50% - 1:44
2 - 56% - 50% - 2:12
PP Defense
1 - 32% - 50% - 1:16
2 - 68% - 50% - 2:40
PK Forward
1 - 53% - 50% - 3:01
2 - 47% - 50% - 2:43
PK Defense
1 - 58% - 50% - 3:18
2 - 42% - 50% - 2:26
PK3 Forward
1 - 0% - 50%
2 - 0% - 50%
PK3 Defense
1 - 0% - 50%
2 - 0% - 50%
44 Forward
1 - 0% - 50%
2 - 0% - 50%
44 Defense
1 - 0% - 50%
2 - 0% - 50%
Last Minute Offensive  - 0:00
Last Minute Defensive  - 0:00
Total
Forward - 60:00
Defense - 60:00

Play-by-Play

1st period


0:01 of 1st period - Elias Lindholm wins face-off versus Charlie Coyle in neutral zone.
0:06 of 1st period - Radko Gudas is hit by Brendan Gallagher and loses puck.
0:25 of 1st period - Radko Gudas is hit by Jordan Greenway and loses puck.
0:32 of 1st period - Slapshot by Luke Kunin.
0:32 of 1st period - Stopped by Elvis Merzlikins with a rebound.
0:57 of 1st period - Off-side.
0:58 of 1st period - Philip Tomasino wins face-off versus Mark Jankowski in neutral zone.
1:06 of 1st period - Backhand shot by Joel Kiviranta.
1:06 of 1st period - Shot Blocked by Brock McGinn.
1:08 of 1st period - Slapshot by Jonas Siegenthaler.
1:08 of 1st period - Shot Misses the Net.
1:10 of 1st period - Snap shot by Jonatan Berggren.
1:10 of 1st period - Shot Misses the Net.
1:35 of 1st period - Snap shot by Tyler Bertuzzi.
1:35 of 1st period - Shot Blocked by Jonas Siegenthaler.
3:08 of 1st period - Snap shot by Ryan Donato.
3:08 of 1st period - Deflect By Tyler Seguin.
3:08 of 1st period - Stopped by Marc-Andre Fleury with a rebound.
3:10 of 1st period - Slapshot by Anthony DeAngelo.
3:10 of 1st period - Shot Blocked by Jordan Martinook.
3:12 of 1st period - Slapshot by Anthony DeAngelo.
3:12 of 1st period - Shot Blocked by Jordan Greenway.
3:14 of 1st period - Slapshot by Jani Hakanpaa.
3:14 of 1st period - Deflect By Tyler Seguin.
3:14 of 1st period - Stopped by Marc-Andre Fleury with a rebound.
3:16 of 1st period - Snap shot by Tyler Seguin.
3:16 of 1st period - Goal by Tyler Seguin - Dallas Stars : 0 - Arizona Coyotes : 1.
3:17 of 1st period - Elias Lindholm wins face-off versus Mason McTavish in neutral zone.
3:47 of 1st period - Jack Drury is hit by Ross Colton and loses puck.
3:55 of 1st period - Wrist shot by Trent Frederic.
3:55 of 1st period - Stopped by Elvis Merzlikins with a rebound.
4:07 of 1st period - Wrist shot by Jonatan Berggren.
4:07 of 1st period - Stopped by Elvis Merzlikins without a rebound.
4:08 of 1st period - Mark Jankowski wins face-off versus Philip Tomasino in Arizona Coyotes zone.
5:19 of 1st period - Wrist shot by Joel Kiviranta.
5:19 of 1st period - Stopped by Elvis Merzlikins with a rebound.
5:21 of 1st period - Snap shot by Jonatan Berggren.
5:21 of 1st period - Stopped by Elvis Merzlikins with a rebound.
5:23 of 1st period - Slapshot by Jakob Chychrun.
5:23 of 1st period - Shot Misses the Net.
5:25 of 1st period - Slapshot by Jakob Chychrun.
5:25 of 1st period - Stopped by Elvis Merzlikins without a rebound.
5:26 of 1st period - Erik Haula wins face-off versus Elias Lindholm in Arizona Coyotes zone.
5:39 of 1st period - Tyler Bertuzzi is hit by Josh Anderson and loses puck.
6:23 of 1st period - Off-side.
6:24 of 1st period - Erik Haula wins face-off versus Elias Lindholm in neutral zone.
6:29 of 1st period - Wrist shot by Tyler Bertuzzi.
6:29 of 1st period - Stopped by Marc-Andre Fleury without a rebound.
6:30 of 1st period - Elias Lindholm wins face-off versus Erik Haula in Dallas Stars zone.
6:35 of 1st period - Slapshot by Brendan Gallagher.
6:35 of 1st period - Stopped by Elvis Merzlikins with a rebound.
6:56 of 1st period - Jani Hakanpaa is hit by Alex Iafallo and loses puck.
7:43 of 1st period - Joel Kiviranta is hit by Brayden McNabb and loses puck.
9:15 of 1st period - Snap shot by Elias Lindholm.
9:15 of 1st period - Shot Hit the Post.
9:17 of 1st period - Slapshot by Cam York.
9:17 of 1st period - Stopped by Elvis Merzlikins with a rebound.
9:53 of 1st period - Mason McTavish is hit by Alex Iafallo and loses puck.
10:18 of 1st period - Jordan Greenway is hit by Brock McGinn and loses puck.
10:37 of 1st period - Snap shot by Josh Anderson.
10:37 of 1st period - Shot Misses the Net.
10:47 of 1st period - Minor Penalty to Tyler Bertuzzi for Elbowing.
10:48 of 1st period - Charlie Coyle wins face-off versus Josh Anderson in Arizona Coyotes zone.
11:03 of 1st period - Wrist shot by Brendan Gallagher.
11:03 of 1st period - Stopped by Elvis Merzlikins with a rebound.
11:13 of 1st period - Ryan Donato is hit by Luke Kunin and loses puck.
12:15 of 1st period - Brendan Gallagher is hit by Jared Spurgeon and loses puck.
12:26 of 1st period - Charlie Coyle is hit by Luke Kunin and loses puck.
12:47 of 1st period - Penalty to Tyler Bertuzzi is over, Tyler Bertuzzi is back on ice.
13:02 of 1st period - Snap shot by Alex Iafallo.
13:02 of 1st period - Stopped by Elvis Merzlikins without a rebound.
13:03 of 1st period - Jack Drury wins face-off versus Erik Haula in Arizona Coyotes zone.
13:14 of 1st period - Wrist shot by Trent Frederic.
13:14 of 1st period - Stopped by Elvis Merzlikins with a rebound.
13:37 of 1st period - Johnathan Kovacevic is hit by Philip Tomasino.
13:47 of 1st period - Snap shot by Luke Kunin.
13:47 of 1st period - Stopped by Elvis Merzlikins with a rebound.
13:49 of 1st period - Slapshot by Jordan Martinook.
13:49 of 1st period - Shot Misses the Net.
13:51 of 1st period - Slapshot by Rasmus Ristolainen.
13:51 of 1st period - Shot Blocked by Radko Gudas.
13:53 of 1st period - Slapshot by Trevor van Riemsdyk.
13:53 of 1st period - Deflect By Johnathan Kovacevic.
13:53 of 1st period - Stopped by Elvis Merzlikins without a rebound.
13:54 of 1st period - Erik Haula wins face-off versus Luke Kunin in Arizona Coyotes zone.
13:59 of 1st period - Jordan Greenway is hit by Brayden McNabb.
14:19 of 1st period - Backhand shot by Luke Kunin.
14:19 of 1st period - Stopped by Elvis Merzlikins with a rebound.
14:21 of 1st period - Slapshot by Luke Kunin.
14:21 of 1st period - Stopped by Elvis Merzlikins with a rebound.
14:23 of 1st period - Snap shot by Jordan Martinook.
14:23 of 1st period - Stopped by Elvis Merzlikins with a rebound.
14:25 of 1st period - Snap shot by Jordan Martinook.
14:25 of 1st period - Shot Misses the Net.
14:27 of 1st period - Slapshot by Rasmus Ristolainen.
14:27 of 1st period - Stopped by Elvis Merzlikins without a rebound.
14:28 of 1st period - Charlie Coyle wins face-off versus Elias Lindholm in Arizona Coyotes zone.
14:43 of 1st period - Slapshot by Charlie Coyle.
14:43 of 1st period - Goal by Charlie Coyle - Dallas Stars : 0 - Arizona Coyotes : 2.
14:44 of 1st period - Mason McTavish wins face-off versus Elias Lindholm in neutral zone.
14:51 of 1st period - Snap shot by Mason McTavish.
14:51 of 1st period - Shot Misses the Net.
14:53 of 1st period - Snap shot by Kiefer Sherwood.
14:53 of 1st period - Shot Misses the Net.
14:55 of 1st period - Slapshot by Jared Spurgeon.
14:55 of 1st period - Stopped by Marc-Andre Fleury without a rebound.
14:56 of 1st period - Elias Lindholm wins face-off versus Charlie Coyle in Dallas Stars zone.
14:58 of 1st period - Minor Penalty to Josh Anderson for Hooking.
14:59 of 1st period - Elias Lindholm wins face-off versus Charlie Coyle in Dallas Stars zone.
15:32 of 1st period - Wrist shot by Ryan Donato.
15:32 of 1st period - Stopped by Marc-Andre Fleury without a rebound.
15:33 of 1st period - Mason McTavish wins face-off versus Jordan Martinook in Dallas Stars zone.
15:36 of 1st period - Wrist shot by Mason McTavish.
15:36 of 1st period - Stopped by Marc-Andre Fleury without a rebound.
15:37 of 1st period - Jordan Martinook wins face-off versus Mason McTavish in Dallas Stars zone.
15:37 of 1st period - Jordan Martinook is hit by Jared Spurgeon.
15:51 of 1st period - Slapshot by Mason McTavish.
15:51 of 1st period - Shot Misses the Net.
16:19 of 1st period - Snap shot by Mason McTavish.
16:19 of 1st period - Shot Blocked by Jack Drury.
16:41 of 1st period - Wrist shot by Mats Zuccarello.
16:41 of 1st period - Shot Hit the Post.
16:55 of 1st period - Wrist shot by Charlie Coyle.
16:55 of 1st period - Goal by Charlie Coyle - Dallas Stars : 0 - Arizona Coyotes : 3.
16:56 of 1st period - Charlie Coyle wins face-off versus Elias Lindholm in neutral zone.
17:03 of 1st period - Wrist shot by Charlie Coyle.
17:03 of 1st period - Stopped by Marc-Andre Fleury without a rebound.
17:04 of 1st period - Elias Lindholm wins face-off versus Charlie Coyle in Dallas Stars zone.
17:04 of 1st period - Elias Lindholm is hit by Tyler Seguin.
17:22 of 1st period - Wrist shot by Tyler Seguin.
17:22 of 1st period - Shot Misses the Net.
17:32 of 1st period - Snap shot by Charlie Coyle.
17:32 of 1st period - Shot Misses the Net.
17:34 of 1st period - Wrist shot by Tyler Seguin.
17:34 of 1st period - Shot Blocked by Josh Anderson.
17:56 of 1st period - Wrist shot by Charlie Coyle.
17:56 of 1st period - Shot Misses the Net.
19:27 of 1st period - Off-side.
19:28 of 1st period - Mason McTavish wins face-off versus Jack Drury in neutral zone.
19:45 of 1st period - Icing by Kiefer Sherwood.
19:46 of 1st period - Jordan Greenway wins face-off versus Mats Zuccarello in Arizona Coyotes zone.
19:49 of 1st period - Snap shot by Jordan Martinook.
19:49 of 1st period - Stopped by Elvis Merzlikins with a rebound.
19:51 of 1st period - Slapshot by Rasmus Ristolainen.
19:51 of 1st period - Stopped by Elvis Merzlikins without a rebound.
19:52 of 1st period - Erik Haula wins face-off versus Luke Kunin in Arizona Coyotes zone.
19:57 of 1st period - Rasmus Ristolainen is hit by Brayden McNabb and loses puck.
Goals for this period are 0 for Dallas Stars vs 3 for Arizona Coyotes.
Shots for this period are 19 for Dallas Stars vs 10 for Arizona Coyotes.

2nd period


0:01 of 2nd period - Jack Drury wins face-off versus Erik Haula in neutral zone.
0:46 of 2nd period - Slapshot by Mats Zuccarello.
0:46 of 2nd period - Stopped by Marc-Andre Fleury without a rebound.
0:47 of 2nd period - Charlie Coyle wins face-off versus Elias Lindholm in Dallas Stars zone.
0:50 of 2nd period - Slapshot by Tyler Seguin.
0:50 of 2nd period - Shot Misses the Net.
0:55 of 2nd period - Minor Penalty to Ryan Donato for Diving.
0:56 of 2nd period - Tyler Seguin wins face-off versus Luke Kunin in Arizona Coyotes zone.
1:02 of 2nd period - Slapshot by Luke Kunin.
1:02 of 2nd period - Goal by Luke Kunin - Dallas Stars : 1 - Arizona Coyotes : 3.
1:03 of 2nd period - Jack Drury wins face-off versus Mason McTavish in neutral zone.
1:18 of 2nd period - Wrist shot by Dougie Hamilton.
1:18 of 2nd period - Stopped by Elvis Merzlikins with a rebound.
1:33 of 2nd period - Wrist shot by Tyler Bertuzzi.
1:33 of 2nd period - Shot Misses the Net.
1:35 of 2nd period - Slapshot by Jared Spurgeon.
1:35 of 2nd period - Shot Misses the Net.
1:37 of 2nd period - Slapshot by Brayden McNabb.
1:37 of 2nd period - Shot Blocked by Jordan Martinook.
1:39 of 2nd period - Wrist shot by Tyler Bertuzzi.
1:39 of 2nd period - Stopped by Marc-Andre Fleury with a rebound.
2:08 of 2nd period - Mark Jankowski is hit by Dougie Hamilton and loses puck.
4:06 of 2nd period - Ross Colton is hit by Alex Iafallo and loses puck.
4:21 of 2nd period - Jared Spurgeon is hit by Trent Frederic and loses puck.
4:38 of 2nd period - Slapshot by Jakob Chychrun.
4:38 of 2nd period - Stopped by Elvis Merzlikins with a rebound.
5:08 of 2nd period - Ross Colton is hit by Trent Frederic and loses puck.
5:19 of 2nd period - Wrist shot by Alex Iafallo.
5:19 of 2nd period - Shot Blocked by Anthony DeAngelo.
5:21 of 2nd period - Slapshot by Brendan Gallagher.
5:21 of 2nd period - Deflect By Trent Frederic.
5:21 of 2nd period - Shot Misses the Net.
5:21 of 2nd period - Puck is out of play.
5:22 of 2nd period - Kiefer Sherwood wins face-off versus Luke Kunin in Arizona Coyotes zone.
6:17 of 2nd period - Snap shot by Brock McGinn.
6:17 of 2nd period - Deflect By Jordan Greenway.
6:17 of 2nd period - Shot Misses the Net.
6:17 of 2nd period - Puck is out of play.
6:18 of 2nd period - Mason McTavish wins face-off versus Philip Tomasino in Dallas Stars zone.
7:05 of 2nd period - Cam York is hit by Mark Jankowski and loses puck.
7:34 of 2nd period - Philip Tomasino is hit by Jani Hakanpaa and loses puck.
8:33 of 2nd period - Jordan Greenway is hit by Jani Hakanpaa and loses puck.
8:40 of 2nd period - Jani Hakanpaa is hit by Jordan Greenway and loses puck.
8:53 of 2nd period - Snap shot by Mark Jankowski.
8:53 of 2nd period - Deflect By Joel Kiviranta.
8:53 of 2nd period - Stopped by Marc-Andre Fleury with a rebound.
8:55 of 2nd period - Snap shot by Ondrej Palat.
8:55 of 2nd period - Deflect By Brock McGinn.
8:55 of 2nd period - Goal by Brock McGinn - Dallas Stars : 1 - Arizona Coyotes : 4.
8:56 of 2nd period - Jack Drury wins face-off versus Mason McTavish in neutral zone.
8:59 of 2nd period - Slapshot by Alex Iafallo.
8:59 of 2nd period - Shot Blocked by Jared Spurgeon.
9:01 of 2nd period - Snap shot by Alex Iafallo.
9:01 of 2nd period - Shot Blocked by Brayden McNabb.
9:26 of 2nd period - Snap shot by Brendan Gallagher.
9:26 of 2nd period - Stopped by Elvis Merzlikins with a rebound.
9:28 of 2nd period - Snap shot by Brendan Gallagher.
9:28 of 2nd period - Stopped by Elvis Merzlikins with a rebound.
9:30 of 2nd period - Slapshot by Jonas Siegenthaler.
9:30 of 2nd period - Stopped by Elvis Merzlikins with a rebound.
9:32 of 2nd period - Slapshot by Brendan Gallagher.
9:32 of 2nd period - Deflect By Elias Lindholm.
9:32 of 2nd period - Shot Blocked by Brayden McNabb.
9:32 of 2nd period - Puck is out of play.
9:33 of 2nd period - Luke Kunin wins face-off versus Mason McTavish in Arizona Coyotes zone.
10:16 of 2nd period - Minor Penalty to Ryan Donato for Interference.
10:17 of 2nd period - Luke Kunin wins face-off versus Charlie Coyle in Arizona Coyotes zone.
10:24 of 2nd period - Slapshot by Jordan Martinook.
10:24 of 2nd period - Stopped by Elvis Merzlikins with a rebound.
10:26 of 2nd period - Snap shot by Jordan Greenway.
10:26 of 2nd period - Shot Blocked by Radko Gudas.
10:46 of 2nd period - Wrist shot by Jordan Martinook.
10:46 of 2nd period - Stopped by Elvis Merzlikins with a rebound.
10:48 of 2nd period - Slapshot by Trevor van Riemsdyk.
10:48 of 2nd period - Goal by Trevor van Riemsdyk - Dallas Stars : 2 - Arizona Coyotes : 4.
10:49 of 2nd period - Mason McTavish wins face-off versus Jack Drury in neutral zone.
10:56 of 2nd period - Slapshot by Mason McTavish.
10:56 of 2nd period - Shot Blocked by Jack Drury.
10:58 of 2nd period - Snap shot by Mats Zuccarello.
10:58 of 2nd period - Stopped by Marc-Andre Fleury without a rebound.
10:59 of 2nd period - Mason McTavish wins face-off versus Jack Drury in Dallas Stars zone.
11:00 of 2nd period - Snap shot by Mats Zuccarello.
11:00 of 2nd period - Shot Misses the Net.
11:18 of 2nd period - Slapshot by Mats Zuccarello.
11:18 of 2nd period - Stopped by Marc-Andre Fleury without a rebound.
11:19 of 2nd period - Erik Haula wins face-off versus Luke Kunin in Dallas Stars zone.
11:34 of 2nd period - Wrist shot by Erik Haula.
11:34 of 2nd period - Deflect By Ross Colton.
11:34 of 2nd period - Stopped by Marc-Andre Fleury without a rebound.
11:35 of 2nd period - Mason McTavish wins face-off versus Elias Lindholm in Dallas Stars zone.
13:07 of 2nd period - Wrist shot by Tyler Bertuzzi.
13:07 of 2nd period - Shot Misses the Net.
13:09 of 2nd period - Snap shot by Ross Colton.
13:09 of 2nd period - Shot Misses the Net.
13:13 of 2nd period - Snap shot by Ross Colton.
13:13 of 2nd period - Stopped by Marc-Andre Fleury with a rebound.
13:38 of 2nd period - Charlie Coyle is hit by Elias Lindholm and loses puck.
13:54 of 2nd period - Snap shot by Charlie Coyle.
13:54 of 2nd period - Stopped by Marc-Andre Fleury with a rebound.
13:56 of 2nd period - Wrist shot by Charlie Coyle.
13:56 of 2nd period - Deflect By Tyler Seguin.
13:56 of 2nd period - Shot Misses the Net.
13:56 of 2nd period - Puck is out of play.
13:57 of 2nd period - Mason McTavish wins face-off versus Luke Kunin in Dallas Stars zone.
14:06 of 2nd period - Slapshot by Mats Zuccarello.
14:06 of 2nd period - Stopped by Marc-Andre Fleury without a rebound.
14:07 of 2nd period - Mason McTavish wins face-off versus Luke Kunin in Dallas Stars zone.
14:26 of 2nd period - Snap shot by Luke Kunin.
14:26 of 2nd period - Shot Misses the Net.
14:28 of 2nd period - Slapshot by Dougie Hamilton.
14:28 of 2nd period - Shot Blocked by Mats Zuccarello.
14:30 of 2nd period - Snap shot by Jordan Martinook.
14:30 of 2nd period - Shot Misses the Net.
14:32 of 2nd period - Wrist shot by Jordan Martinook.
14:32 of 2nd period - Stopped by Elvis Merzlikins without a rebound.
14:33 of 2nd period - Jack Drury wins face-off versus Erik Haula in Arizona Coyotes zone.
14:38 of 2nd period - Snap shot by Jack Drury.
14:38 of 2nd period - Stopped by Elvis Merzlikins without a rebound.
14:39 of 2nd period - Jack Drury wins face-off versus Erik Haula in Arizona Coyotes zone.
14:46 of 2nd period - Trent Frederic is hit by Tyler Bertuzzi and loses puck.
16:08 of 2nd period - Icing by Anthony DeAngelo.
16:09 of 2nd period - Erik Haula wins face-off versus Philip Tomasino in Arizona Coyotes zone.
16:43 of 2nd period - Snap shot by Mason McTavish.
16:43 of 2nd period - Goal by Mason McTavish - Dallas Stars : 2 - Arizona Coyotes : 5.
16:44 of 2nd period - Erik Haula wins face-off versus Luke Kunin in neutral zone.
16:47 of 2nd period - Wrist shot by Ross Colton.
16:47 of 2nd period - Deflect By Erik Haula.
16:47 of 2nd period - Shot Misses the Net.
16:47 of 2nd period - Puck is out of play.
16:48 of 2nd period - Luke Kunin wins face-off versus Erik Haula in Dallas Stars zone.
16:48 of 2nd period - Luke Kunin is hit by Ross Colton.
17:15 of 2nd period - Mats Zuccarello is hit by Jakob Chychrun and loses puck.
17:38 of 2nd period - Snap shot by Jack Drury.
17:38 of 2nd period - Shot Misses the Net.
17:48 of 2nd period - Trevor van Riemsdyk is hit by Charlie Coyle.
18:00 of 2nd period - Slapshot by Joel Kiviranta.
18:00 of 2nd period - Shot Misses the Net.
18:41 of 2nd period - Dougie Hamilton is hit by Jani Hakanpaa.
18:49 of 2nd period - Snap shot by Brendan Gallagher.
18:49 of 2nd period - Shot Blocked by Jani Hakanpaa.
19:33 of 2nd period - Wrist shot by Ondrej Palat.
19:33 of 2nd period - Shot Misses the Net.
19:35 of 2nd period - Snap shot by Ondrej Palat.
19:35 of 2nd period - Deflect By Mark Jankowski.
19:35 of 2nd period - Shot Misses the Net.
19:35 of 2nd period - Puck is out of play.
19:36 of 2nd period - Luke Kunin wins face-off versus Erik Haula in Dallas Stars zone.
Goals for this period are 2 for Dallas Stars vs 2 for Arizona Coyotes.
Shots for this period are 11 for Dallas Stars vs 11 for Arizona Coyotes.

3rd period


0:01 of 3rd period - Luke Kunin wins face-off versus Mason McTavish in neutral zone.
0:26 of 3rd period - Jared Spurgeon is hit by Josh Anderson.
1:06 of 3rd period - Backhand shot by Brock McGinn.
1:06 of 3rd period - Shot Misses the Net.
1:08 of 3rd period - Slapshot by Johnathan Kovacevic.
1:08 of 3rd period - Deflect By Brock McGinn.
1:08 of 3rd period - Shot Blocked by Dougie Hamilton.
1:08 of 3rd period - Puck is out of play.
1:09 of 3rd period - Mason McTavish wins face-off versus Philip Tomasino in Dallas Stars zone.
1:55 of 3rd period - Backhand shot by Mats Zuccarello.
1:55 of 3rd period - Stopped by Marc-Andre Fleury without a rebound.
1:56 of 3rd period - Luke Kunin wins face-off versus Erik Haula in Dallas Stars zone.
2:04 of 3rd period - Slapshot by Trevor van Riemsdyk.
2:04 of 3rd period - Deflect By Tyler Bertuzzi.
2:04 of 3rd period - Stopped by Elvis Merzlikins with a rebound.
2:06 of 3rd period - Wrist shot by Jordan Martinook.
2:06 of 3rd period - Stopped by Elvis Merzlikins without a rebound.
2:07 of 3rd period - Erik Haula wins face-off versus Luke Kunin in Arizona Coyotes zone.
2:57 of 3rd period - Josh Anderson is hit by Mason McTavish and loses puck.
3:14 of 3rd period - Trevor van Riemsdyk is hit by Ondrej Palat and loses puck.
4:05 of 3rd period - Snap shot by Mason McTavish.
4:05 of 3rd period - Stopped by Marc-Andre Fleury without a rebound.
4:06 of 3rd period - Jack Drury wins face-off versus Charlie Coyle in Dallas Stars zone.
4:39 of 3rd period - Snap shot by Alex Iafallo.
4:39 of 3rd period - Deflect By Jack Drury.
4:39 of 3rd period - Shot Blocked by Johnathan Kovacevic.
4:39 of 3rd period - Puck is out of play.
4:40 of 3rd period - Luke Kunin wins face-off versus Erik Haula in Arizona Coyotes zone.
5:31 of 3rd period - Jonas Siegenthaler is hit by Jani Hakanpaa and loses puck.
5:36 of 3rd period - Snap shot by Mats Zuccarello.
5:36 of 3rd period - Shot Blocked by Jonatan Berggren.
6:00 of 3rd period - Slapshot by Mark Jankowski.
6:00 of 3rd period - Shot Misses the Net.
6:35 of 3rd period - Tyler Bertuzzi is hit by Jakob Chychrun and loses puck.
7:07 of 3rd period - Trevor van Riemsdyk is hit by Mats Zuccarello and loses puck.
7:14 of 3rd period - Minor Penalty to Mason McTavish for Hooking.
7:15 of 3rd period - Charlie Coyle wins face-off versus Elias Lindholm in Arizona Coyotes zone.
7:22 of 3rd period - Wrist shot by Josh Anderson.
7:22 of 3rd period - Shot Misses the Net.
7:24 of 3rd period - Snap shot by Rasmus Ristolainen.
7:24 of 3rd period - Shot Blocked by Radko Gudas.
7:26 of 3rd period - Slapshot by Dougie Hamilton.
7:26 of 3rd period - Stopped by Elvis Merzlikins with a rebound.
7:47 of 3rd period - Johnathan Kovacevic is hit by Trevor van Riemsdyk and loses puck.
8:11 of 3rd period - Icing by Trevor van Riemsdyk.
8:12 of 3rd period - Luke Kunin wins face-off versus Charlie Coyle in Dallas Stars zone.
8:17 of 3rd period - Slapshot by Jakob Chychrun.
8:17 of 3rd period - Shot Blocked by Radko Gudas.
8:21 of 3rd period - Wrist shot by Jordan Martinook.
8:21 of 3rd period - Goal by Jordan Martinook - Dallas Stars : 3 - Arizona Coyotes : 5.
8:22 of 3rd period - Charlie Coyle wins face-off versus Luke Kunin in neutral zone.
8:25 of 3rd period - Jordan Greenway is hit by Tyler Seguin and loses puck.
9:34 of 3rd period - Snap shot by Ondrej Palat.
9:34 of 3rd period - Stopped by Marc-Andre Fleury with a rebound.
9:36 of 3rd period - Wrist shot by Radko Gudas.
9:36 of 3rd period - Stopped by Marc-Andre Fleury without a rebound.
9:37 of 3rd period - Charlie Coyle wins face-off versus Luke Kunin in Dallas Stars zone.
9:40 of 3rd period - Snap shot by Ryan Donato.
9:40 of 3rd period - Shot Misses the Net.
10:03 of 3rd period - Trevor van Riemsdyk is hit by Ross Colton and loses puck.
10:12 of 3rd period - Snap shot by Ross Colton.
10:12 of 3rd period - Goal by Ross Colton - Dallas Stars : 3 - Arizona Coyotes : 6.
10:13 of 3rd period - Erik Haula wins face-off versus Luke Kunin in neutral zone.
10:53 of 3rd period - Minor Penalty to Radko Gudas for High sticking.
10:54 of 3rd period - Elias Lindholm wins face-off versus Ryan Donato in Arizona Coyotes zone.
11:19 of 3rd period - Brayden McNabb is hit by Jordan Martinook and loses puck.
12:53 of 3rd period - Penalty to Radko Gudas is over, Radko Gudas is back on ice.
13:10 of 3rd period - Snap shot by Tyler Bertuzzi.
13:10 of 3rd period - Shot Blocked by Jakob Chychrun.
13:21 of 3rd period - Off-side.
13:22 of 3rd period - Mark Jankowski wins face-off versus Philip Tomasino in neutral zone.
14:04 of 3rd period - Minor Penalty to Jonas Siegenthaler for Cross-checking.
14:05 of 3rd period - Charlie Coyle wins face-off versus Jordan Martinook in Dallas Stars zone.
14:08 of 3rd period - Wrist shot by Charlie Coyle.
14:08 of 3rd period - Stopped by Marc-Andre Fleury without a rebound.
14:09 of 3rd period - Charlie Coyle wins face-off versus Jordan Martinook in Dallas Stars zone.
14:18 of 3rd period - Slapshot by Ryan Donato.
14:18 of 3rd period - Shot Blocked by Jakob Chychrun.
14:20 of 3rd period - Slapshot by Tyler Seguin.
14:20 of 3rd period - Stopped by Marc-Andre Fleury with a rebound.
14:22 of 3rd period - Slapshot by Jared Spurgeon.
14:22 of 3rd period - Shot Blocked by Jakob Chychrun.
15:36 of 3rd period - Brayden McNabb is hit by Jordan Martinook and loses puck.
16:04 of 3rd period - Penalty to Jonas Siegenthaler is over, Jonas Siegenthaler is back on ice.
16:17 of 3rd period - Wrist shot by Brock McGinn.
16:17 of 3rd period - Stopped by Marc-Andre Fleury without a rebound.
16:18 of 3rd period - Mark Jankowski wins face-off versus Philip Tomasino in Dallas Stars zone.
16:23 of 3rd period - Snap shot by Brock McGinn.
16:23 of 3rd period - Stopped by Marc-Andre Fleury with a rebound.
16:25 of 3rd period - Snap shot by Mark Jankowski.
16:25 of 3rd period - Shot Misses the Net.
16:27 of 3rd period - Snap shot by Brock McGinn.
16:27 of 3rd period - Stopped by Marc-Andre Fleury with a rebound.
16:29 of 3rd period - Slapshot by Jani Hakanpaa.
16:29 of 3rd period - Shot Misses the Net.
16:31 of 3rd period - Slapshot by Jani Hakanpaa.
16:31 of 3rd period - Shot Blocked by Cam York.
16:33 of 3rd period - Backhand shot by Mark Jankowski.
16:33 of 3rd period - Shot Misses the Net.
16:35 of 3rd period - Slapshot by Anthony DeAngelo.
16:35 of 3rd period - Deflect By Philip Tomasino.
16:35 of 3rd period - Stopped by Marc-Andre Fleury without a rebound.
16:36 of 3rd period - Charlie Coyle wins face-off versus Luke Kunin in Dallas Stars zone.
16:46 of 3rd period - Ryan Donato is hit by Trevor van Riemsdyk and loses puck.
18:00 of 3rd period - Icing by Jonas Siegenthaler.
18:01 of 3rd period - Luke Kunin wins face-off versus Mark Jankowski in Dallas Stars zone.
18:26 of 3rd period - Snap shot by Mats Zuccarello.
18:26 of 3rd period - Deflect By Mason McTavish.
18:26 of 3rd period - Shot Blocked by Jakob Chychrun.
18:26 of 3rd period - Puck is out of play.
18:27 of 3rd period - Elias Lindholm wins face-off versus Mason McTavish in Dallas Stars zone.
18:58 of 3rd period - Snap shot by Tyler Seguin.
18:58 of 3rd period - Stopped by Marc-Andre Fleury without a rebound.
18:59 of 3rd period - Erik Haula wins face-off versus Luke Kunin in Dallas Stars zone.
19:31 of 3rd period - Dougie Hamilton is hit by Radko Gudas and loses puck.
19:52 of 3rd period - Snap shot by Tyler Bertuzzi.
19:52 of 3rd period - Stopped by Marc-Andre Fleury with a rebound.
19:54 of 3rd period - Wrist shot by Johnathan Kovacevic.
19:54 of 3rd period - Stopped by Marc-Andre Fleury without a rebound.
19:55 of 3rd period - Charlie Coyle wins face-off versus Elias Lindholm in Dallas Stars zone.
Goals for this period are 1 for Dallas Stars vs 1 for Arizona Coyotes.
Shots for this period are 4 for Dallas Stars vs 14 for Arizona Coyotes.